EL
NORTHWEST ARKANSAS NATURALS @ CHATTANOOGA LOOKOUTS
07/10/2047
 
TOP OF THE 1ST
Northwest Arkansas Naturals batting - Pitching for Chattanooga Lookouts : RHP Mike Moon
Pitching: RHP Mike Moon
Batting: RHB Willie de los Santos 0-0: Foul Ball, location: 2F
0-1: Foul Ball, location: 2F
0-2: Foul Ball, location: 2F
0-2: Ball
1-2: Ball
2-2: Ball
3-2: Ground out 4-3 (Groundball, 4, EV 83.8 MPH)
Batting: RHB Kevin Wimberly 0-0: Foul Ball, location: 2F
0-1: Called Strike
0-2: Ball
1-2: SINGLE (Line Drive, 9S, EV 106.9 MPH)
Batting: RHB Andy Urquhart 0-0: Called Strike
0-1: Ball
Kevin Wimberly steals 2nd base
1-1: Swinging Strike
1-2: Foul Ball, location: 2F
1-2: Strikes out swinging
Batting: RHB Greg Callaghan 0-0: Foul Ball, location: 2F
0-1: SINGLE (Flyball, 89S, EV 89.4 MPH)
Kevin Wimberly to third
Runner from 3rd tries for Home, SAFE, throw by RF to home
Greg Callaghan to second
Batting: LHB Roy Riess 0-0: Ground out 4-3 (Groundball, 4M, EV 90.0 MPH)
Top of the 1st over - 1 run, 2 hits, 0 errors, 1 left on base; Northwest Arkansas 1 - Chattanooga 0
BOTTOM OF THE 1ST
Chattanooga Lookouts batting - Pitching for Northwest Arkansas Naturals : RHP Julio Espinel
Pitching: RHP Julio Espinel
Batting: RHB Miguel Gonzalez 0-0: Ball
1-0: Ball
2-0: Called Strike
2-1: Ground out 5-3 (Groundball, 56, EV 88.1 MPH)
Batting: LHB Chris Munguia 0-0: Ball
1-0: Ball
2-0: Ball
3-0: Base on Balls
Batting: SHB Ian Thompson 0-0: Ball
1-0: Ball
2-0: Ball
Chris Munguia steals 2nd base
3-0: Base on Balls
Batting: RHB Cyril Husson 0-0: Ball
1-0: Ball
2-0: Ball
3-0: Called Strike
3-1: Foul Ball, location: 2F
3-2: DOUBLE (Groundball, 5L, EV 103.8 MPH)
Chris Munguia scores
Ian Thompson to third
Runner from 3rd tries for Home, throw by LF and OUT! 7-6-2
Cyril Husson to third
Batting: RHB Michael McDonald 0-0: Ball
1-0: Ball
2-0: Foul Ball, location: 2F
2-1: Ball
3-1: Foul Ball, location: 2F
3-2: Foul Ball, location: 2F
3-2: Foul Ball, location: 2F
3-2: Foul Ball, location: 2F
3-2: Ground out U3 (Groundball, 3, EV 88.8 MPH)
Bottom of the 1st over - 1 run, 1 hit, 0 errors, 1 left on base; Northwest Arkansas 1 - Chattanooga 1
TOP OF THE 2ND
Northwest Arkansas Naturals batting - Pitching for Chattanooga Lookouts : RHP Mike Moon
Batting: SHB Bill Ertl 0-0: Foul Ball, location: 2F
0-1: Fly out, F5 (Popup, 5, EV 66.2 MPH)
Batting: RHB Justin Goff 0-0: Ground out 6-3 (Groundball, 6, EV 104.4 MPH)
Batting: RHB Josh Stinnett 0-0: Called Strike
0-1: Ball
1-1: Foul Ball, location: 2F
1-2: Ball
2-2: Strikes out swinging, 2-3 out at first.
Top of the 2nd over - 0 runs, 0 hits, 0 errors, 0 left on base; Northwest Arkansas 1 - Chattanooga 1
BOTTOM OF THE 2ND
Chattanooga Lookouts batting - Pitching for Northwest Arkansas Naturals : RHP Julio Espinel
Batting: RHB Steve Raine 0-0: Called Strike
0-1: Ground out 6-3 (Groundball, 6, EV 84.4 MPH)
Batting: RHB David Nardone 0-0: Ball
1-0: SINGLE (Groundball, 34S, EV 74.4 MPH) (infield hit)
Batting: RHB Jose Gracia 0-0: Ball
1-0: Grounds into double play, 5-4-3 (Groundball, 56S, EV 81.2 MPH)
Bottom of the 2nd over - 0 runs, 1 hit, 0 errors, 0 left on base; Northwest Arkansas 1 - Chattanooga 1
TOP OF THE 3RD
Northwest Arkansas Naturals batting - Pitching for Chattanooga Lookouts : RHP Mike Moon
Batting: LHB Teko van de Sande 0-0: Foul Ball, location: 2F
0-1: DOUBLE (Line Drive, 9LM, EV 105.6 MPH)
Batting: RHB Willie de los Santos 0-0: Foul Ball, location: 2F
0-1: Foul Ball, location: 2F
0-2: Ball
1-2: Ball
2-2: Ball
3-2: Fly out, F9 (Line Drive, 9S, EV 88.8 MPH)
Batting: RHB Kevin Wimberly 0-0: Ball
1-0: Swinging Strike
1-1: Foul Ball, location: 2F
1-2: Fly out, F9 (Flyball, 9LD, EV 88.1 MPH)
Runner from 2nd tags up, SAFE at 3rd, no throw by RF
Batting: RHB Andy Urquhart 0-0: Foul Ball, location: 2F
0-1: Foul Ball, location: 2F
0-2: Ball
1-2: Ball
2-2: Foul Ball, location: 2F
2-2: Foul Ball, location: 2F
2-2: Foul Ball, location: 2F
2-2: Ground out 6-3 (Groundball, 6, EV 90.0 MPH)
Top of the 3rd over - 0 runs, 1 hit, 0 errors, 1 left on base; Northwest Arkansas 1 - Chattanooga 1
BOTTOM OF THE 3RD
Chattanooga Lookouts batting - Pitching for Northwest Arkansas Naturals : RHP Julio Espinel
Batting: RHB Dave Berry 0-0: Called Strike
0-1: Called Strike
0-2: Ball
1-2: Ball
2-2: Strikes out swinging, 2-3 out at first.
Batting: RHB Miguel Gonzalez 0-0: Foul Ball, location: 2F
0-1: Ball
1-1: Foul Ball, location: 2F
1-2: Foul Ball, location: 2F
1-2: Ball
2-2: Ball
3-2: Fly out, F7 (Flyball, 7D, EV 84.4 MPH)
Pitching: RHP Mike Tuck
Batting: LHB Chris Munguia 0-0: SINGLE (Line Drive, 89S, EV 112.5 MPH)
Batting: SHB Ian Thompson 0-0: Ball
Chris Munguia is caught stealing 2nd base 2-6
Bottom of the 3rd over - 0 runs, 1 hit, 0 errors, 0 left on base; Northwest Arkansas 1 - Chattanooga 1
TOP OF THE 4TH
Northwest Arkansas Naturals batting - Pitching for Chattanooga Lookouts : RHP Mike Moon
Batting: RHB Greg Callaghan 0-0: Ball
1-0: Ball
2-0: Called Strike
2-1: Ground out U3 (Groundball, 3, EV 83.1 MPH)
Batting: LHB Roy Riess 0-0: Ball
1-0: Ground out U3 (Groundball, 34, EV 82.5 MPH)
Batting: SHB Bill Ertl 0-0: Called Strike
0-1: Foul Ball, location: 2F
0-2: Ball
1-2: Ball
2-2: Reached via error on a dropped throw from 1B, E1 (Groundball, 13, EV 86.2 MPH)
Batting: RHB Justin Goff 0-0: Called Strike
0-1: Called Strike
0-2: Foul Ball, location: 2F
0-2: Strikes out swinging
Top of the 4th over - 0 runs, 0 hits, 1 error, 1 left on base; Northwest Arkansas 1 - Chattanooga 1
BOTTOM OF THE 4TH
Chattanooga Lookouts batting - Pitching for Northwest Arkansas Naturals : RHP Mike Tuck
Batting: SHB Ian Thompson 0-0: Ground out U3 (Groundball, 3L, EV 86.2 MPH)
Batting: RHB Cyril Husson 0-0: Foul Ball, location: 2F
0-1: Ball
1-1: Ball
2-1: Swinging Strike
2-2: Ball
3-2: Foul Ball, location: 2F
3-2: Foul Ball, location: 2F
3-2: SINGLE (Groundball, 6MD, EV 106.9 MPH)
Batting: RHB Michael McDonald 0-0: Foul Ball, location: 2F
0-1: Swinging Strike
0-2: Ball
1-2: Foul Ball, location: 2F
1-2: 2-RUN HOME RUN (Flyball, 78XD, EV 99.4 MPH), Distance : 389 ft
Batting: RHB Steve Raine 0-0: SOLO HOME RUN (Flyball, 7D, EV 97.5 MPH), Distance : 389 ft
Pitching: RHP Jadon Martin
Batting: RHB David Nardone 0-0: Ground out 4-3 (Groundball, 4, EV 87.5 MPH)
Batting: RHB Jose Gracia 0-0: Called Strike
0-1: Ball
1-1: Foul Ball, location: 2F
1-2: Strikes out swinging
Bottom of the 4th over - 3 runs, 3 hits, 0 errors, 0 left on base; Northwest Arkansas 1 - Chattanooga 4
TOP OF THE 5TH
Northwest Arkansas Naturals batting - Pitching for Chattanooga Lookouts : RHP Mike Moon
Batting: RHB Josh Stinnett 0-0: Ball
1-0: Called Strike
1-1: Foul Ball, location: 2F
1-2: Foul Ball, location: 2F
1-2: Ball
2-2: Foul Ball, location: 2F
2-2: Strikes out swinging
Batting: LHB Teko van de Sande 0-0: Called Strike
0-1: Ball
1-1: Ground out 4-3 (Groundball, 34D, EV 103.1 MPH)
Batting: RHB Willie de los Santos 0-0: Ball
1-0: Ball
2-0: Ball
3-0: Called Strike
3-1: Base on Balls
Batting: RHB Kevin Wimberly 0-0: Ball
Willie de los Santos steals 2nd base
1-0: Foul Ball, location: 2F
1-1: DOUBLE (Line Drive, 5D, EV 105.0 MPH)
Willie de los Santos scores
Batting: RHB Andy Urquhart 0-0: Ball
1-0: Foul Ball, location: 2F
1-1: Called Strike
1-2: Ball
2-2: Strikes out looking
Top of the 5th over - 1 run, 1 hit, 0 errors, 1 left on base; Northwest Arkansas 2 - Chattanooga 4
BOTTOM OF THE 5TH
Chattanooga Lookouts batting - Pitching for Northwest Arkansas Naturals : RHP Jadon Martin
Batting: RHB Dave Berry 0-0: Ball
1-0: SINGLE (Line Drive, 8RS, EV 98.1 MPH)
Batting: RHB Miguel Gonzalez 0-0: Called Strike
0-1: Ball
1-1: Ball
2-1: Fly out, F7 (Line Drive, 7, EV 91.9 MPH)
Batting: LHB Chris Munguia 0-0: Called Strike
0-1: Foul Ball, location: 2F
0-2: SINGLE (Line Drive, 9LS, EV 93.8 MPH)
Dave Berry to second
Runner from 2nd tries for 3rd, SAFE, throw by RF made to third
Batting: SHB Ian Thompson 0-0: Called Strike
Chris Munguia steals 2nd base
0-1: Called Strike
0-2: Ball
1-2: Foul Ball, location: 2F
1-2: Ball
2-2: Foul Ball, location: 2F
2-2: Foul Ball, location: 2F
2-2: Ball
3-2: Strikes out swinging
Batting: RHB Cyril Husson 0-0: Ball
1-0: Foul Ball, location: 2F
1-1: Foul Ball, location: 2F
1-2: Ball
2-2: Ground out 2-3 (Groundball, 2L, EV 67.5 MPH)
Bottom of the 5th over - 0 runs, 2 hits, 0 errors, 2 left on base; Northwest Arkansas 2 - Chattanooga 4
TOP OF THE 6TH
Northwest Arkansas Naturals batting - Pitching for Chattanooga Lookouts : RHP Mike Moon
Batting: RHB Greg Callaghan 0-0: Ball
1-0: Called Strike
1-1: Foul Ball, location: 2F
1-2: Ground out U3 (Groundball, 3, EV 88.8 MPH)
Batting: LHB Roy Riess 0-0: Ball
1-0: Ball
2-0: Called Strike
2-1: Ball
3-1: Foul Ball, location: 2F
3-2: Foul Ball, location: 2F
3-2: Strikes out swinging
Batting: SHB Bill Ertl 0-0: Called Strike
0-1: Ball
1-1: Ground out 4-3 (Groundball, 4, EV 81.9 MPH)
Top of the 6th over - 0 runs, 0 hits, 0 errors, 0 left on base; Northwest Arkansas 2 - Chattanooga 4
BOTTOM OF THE 6TH
Chattanooga Lookouts batting - Pitching for Northwest Arkansas Naturals : RHP Jadon Martin
Batting: RHB Michael McDonald 0-0: Ball
1-0: Foul Ball, location: 2F
1-1: Foul Ball, location: 2F
1-2: Ball
2-2: Ball
3-2: Foul Ball, location: 2F
3-2: Ground out 4-3 (Groundball, 4M, EV 88.8 MPH)
Batting: RHB Steve Raine 0-0: Called Strike
0-1: Fly out, F8 (Line Drive, 8LM, EV 88.1 MPH)
Pitching: RHP Nam Phong
Batting: RHB David Nardone 0-0: Ball
1-0: Swinging Strike
1-1: Foul Ball, location: 2F
1-2: Foul Ball, location: 2F
1-2: Ball
2-2: Foul Ball, location: 2F
2-2: Strikes out swinging
Bottom of the 6th over - 0 runs, 0 hits, 0 errors, 0 left on base; Northwest Arkansas 2 - Chattanooga 4
TOP OF THE 7TH
Northwest Arkansas Naturals batting - Pitching for Chattanooga Lookouts : RHP Mike Moon
Batting: RHB Justin Goff 0-0: Foul Ball, location: 2F
0-1: Foul Ball, location: 2F
0-2: Ball
1-2: Foul Ball, location: 2F
1-2: Ball
2-2: Fly out, F8 (Flyball, 8RM, EV 91.2 MPH)
Batting: RHB Josh Stinnett 0-0: Called Strike
0-1: Ball
1-1: Ground out 5-3 (Groundball, 56, EV 95.6 MPH)
Batting: LHB Teko van de Sande 0-0: Ball
1-0: Ball
2-0: SINGLE (Groundball, 56S, EV 72.5 MPH) (infield hit)
Pitching: LHP Antoine Champagne
Batting: RHB Willie de los Santos 0-0: Called Strike
0-1: Called Strike
0-2: Ball
1-2: SINGLE (Line Drive, 56, EV 102.5 MPH)
Teko van de Sande to second
Batting: RHB Kevin Wimberly 0-0: 3-RUN HOME RUN (Flyball, 7LD, EV 98.1 MPH), Distance : 361 ft
Batting: RHB Andy Urquhart 0-0: Ball
1-0: Foul Ball, location: 2F
1-1: Ball
2-1: Swinging Strike
2-2: Foul Ball, location: 2F
2-2: Strikes out swinging
Top of the 7th over - 3 runs, 3 hits, 0 errors, 0 left on base; Northwest Arkansas 5 - Chattanooga 4
BOTTOM OF THE 7TH
Chattanooga Lookouts batting - Pitching for Northwest Arkansas Naturals : RHP Nam Phong
Batting: RHB Jose Gracia 0-0: Ball
1-0: Foul Ball, location: 2F
1-1: Foul Ball, location: 2F
1-2: Foul Ball, location: 2F
1-2: Strikes out swinging
Pinch Hitting: LHB Mike Handrahan 0-0: Ball
1-0: Ball
2-0: Called Strike
2-1: Swinging Strike
2-2: Foul Ball, location: 2F
2-2: Ball
3-2: Base on Balls
Batting: RHB Miguel Gonzalez 0-0: Ball
1-0: Fly out, F9 (Flyball, 89S, EV 87.5 MPH)
Batting: LHB Chris Munguia 0-0: Ground out 1-3 (Groundball, P, EV 65.0 MPH)
Bottom of the 7th over - 0 runs, 0 hits, 0 errors, 1 left on base; Northwest Arkansas 5 - Chattanooga 4
TOP OF THE 8TH
Northwest Arkansas Naturals batting - Pitching for Chattanooga Lookouts : LHP Antoine Champagne
Now in LF: Chris Munguia
Now in CF: Dan Morataya
Batting: RHB Greg Callaghan 0-0: Called Strike
0-1: Swinging Strike
0-2: Strikes out looking
Batting: LHB Roy Riess 0-0: Called Strike
0-1: Ball
1-1: Called Strike
1-2: Foul Ball, location: 2F
1-2: Fly out, F7 (Flyball, 7, EV 73.1 MPH)
Batting: SHB Bill Ertl 0-0: Ground out U3 (Groundball, 34, EV 103.8 MPH)
Top of the 8th over - 0 runs, 0 hits, 0 errors, 0 left on base; Northwest Arkansas 5 - Chattanooga 4
BOTTOM OF THE 8TH
Chattanooga Lookouts batting - Pitching for Northwest Arkansas Naturals : RHP Nam Phong
Pitching: RHP Andy Rodriguez
Batting: SHB Ian Thompson 0-0: Ball
1-0: Foul Ball, location: 2F
1-1: Foul Ball, location: 2F
1-2: Strikes out swinging
Batting: RHB Cyril Husson 0-0: Ball
1-0: Ball
2-0: Called Strike
2-1: Ball
3-1: Base on Balls
Batting: RHB Michael McDonald 0-0: Called Strike
0-1: Called Strike
0-2: Strikes out swinging
Batting: RHB Steve Raine 0-0: Ball
1-0: Called Strike
1-1: Foul Ball, location: 2F
1-2: Ground out 6-3 (Groundball, 6S, EV 77.5 MPH)
Bottom of the 8th over - 0 runs, 0 hits, 0 errors, 1 left on base; Northwest Arkansas 5 - Chattanooga 4
TOP OF THE 9TH
Northwest Arkansas Naturals batting - Pitching for Chattanooga Lookouts : LHP Antoine Champagne
Pitching: LHP Mark Challinor
Batting: RHB Justin Goff 0-0: Swinging Strike
0-1: Ball
1-1: Ball
2-1: Fly out, F7 (Flyball, 7D, EV 101.2 MPH)
Batting: RHB Josh Stinnett 0-0: Ball
1-0: Ball
2-0: Called Strike
2-1: Foul Ball, location: 2F
2-2: Ball
3-2: Foul Ball, location: 2F
3-2: Strikes out swinging
Pinch Hitting: RHB Alex Cid 0-0: Ball
1-0: Ball
2-0: Ball
3-0: Base on Balls
Batting: RHB Willie de los Santos 0-0: Called Strike
0-1: Foul Ball, location: 2F
0-2: Ball
1-2: Foul Ball, location: 2F
1-2: Ball
2-2: Fielders Choice at 2nd, 5-4 (Groundball, 56, EV 81.9 MPH)
Top of the 9th over - 0 runs, 0 hits, 0 errors, 1 left on base; Northwest Arkansas 5 - Chattanooga 4
BOTTOM OF THE 9TH
Chattanooga Lookouts batting - Pitching for Northwest Arkansas Naturals : RHP Andy Rodriguez
Pitching: LHP Jake Warwick
Now at 2B: Eric Zacher
Batting: RHB David Nardone 0-0: Foul Ball, location: 2F
0-1: Foul Ball, location: 2F
0-2: Ground out 6-3 (Groundball, 56S, EV 70.6 MPH)
Batting: RHB Jose Gracia 0-0: Ball
1-0: Foul Ball, location: 2F
1-1: Swinging Strike
1-2: Strikes out swinging
Pinch Hitting: RHB Matt Dunn 0-0: Ball
1-0: Ball
2-0: Fly out, F4 (Popup, 4S, EV 76.9 MPH)
Bottom of the 9th over - 0 runs, 0 hits, 0 errors, 0 left on base; Northwest Arkansas 5 - Chattanooga 4
Thursday, December 15th , 2022 - OOTP Baseball 23.9 Build 102